 Dungeon Crawl Stone Soup version 0.32-a0-779-g362cfcae2a (webtiles) character file.

Game seed: 9041253305891270421

354 miscthings the Shooter (level 6, -3/48 HPs)
             Began as a Coglin Hunter on Mar 19, 2024.
             Slain by a killer bee (8 damage)
             ... on level 5 of the Dungeon.
             The game lasted 00:04:51 (2844 turns).

miscthings the Shooter (Coglin Hunter)              Turns: 2844, Time: 00:04:51

Health: -3/48      AC:  4    Str: 12    XL:     6   Next: 63%
Magic:  6/6        EV: 12    Int:  8    God:
Gold:   101        SH:  0    Dex: 19    Spells: 5/5 levels left

rFire   . . .        a - +2 sling {Renate}
rCold   . . .        d - +0 sling {Santos}
rNeg    . . .        c - +1 leather armour
rPois   .            (no helmet)
rElec   .            (no cloak)
rCorr   .            (no gloves)
SInv    .            (no boots)
Will    .....        (amulet unavailable)
Stlth   ++           (ring unavailable)
HPRegen 0.28/turn    (ring unavailable)
MPRegen 0.10/turn    (no gizmo)

%: no passive effects
@: revving
A: off-hand wielding, slow wielding, warmup strikes, no jewellery
a: Invent Gizmo


You were on level 5 of the Dungeon.
You visited 1 branch of the dungeon, and saw 5 of its levels.

You collected 101 gold pieces.

Inventory:

Hand Weapons
 a - a +2 sling (weapon) {Renate}
 d - a +0 sling (offhand) {Santos}
 p - the +7 mace of Noxtewun {venom, rN+ Str+4 Dex+3}
   (You found it on level 3 of the Dungeon)

   Str+4:     It affects your strength (+4).
   Dex+3:     It affects your dexterity (+3).
   rN+:       It protects you from negative energy.
Missiles
 n - 2 throwing nets
Armour
 c - a +1 leather armour (worn)
Wands
 l - a wand of charming (19)
Scrolls
 g - 7 scrolls of identify {unknown}
 j - a scroll of teleportation
 m - a scroll of fear {unknown}
 r - a scroll of immolation {unknown}
 s - a scroll of enchant armour
 u - a scroll of noise {unknown}
Potions
 e - 2 potions of degeneration {unknown}
 f - a potion of curing {unknown}
 h - a potion of magic {unknown}
 i - a potion of resistance {unknown}
 k - a potion of cancellation {unknown}
 o - a potion of lignification {unknown}
 q - 2 potions of heal wounds {unknown}
 t - a potion of might {unknown}


   Skills:
 + Level 3.7 Fighting
 + Level 4.6 Ranged Weapons
 + Level 3.4 Dodging
 + Level 2.9 Stealth


You had 5 spell levels left.
You didn't know any spells.
Your spell library was empty.

Dungeon Overview and Level Annotations

Branches:
Dungeon (5/15)
 Temple: D:4-7

Altars:
Trog

Shops:
D:2 ?   D:3 ?

Annotations:
D:5 Ijyb


Innate Abilities, Weirdness & Mutations

You can wield a second weapon in your off-hand.
It takes a long time for you to wield or remove held weapons.
Your first few attacks do less damage.
You cannot equip rings or amulets.


Message History

Press: ? - help, Q - select action, (/) - cycle Shift-Dir - straight line, f - hound
Aim: a hound (ally target, 54% to hit)
You shoot a sling bullet. The sling bullet hits the hound.
The hound is lightly wounded.
You shoot a sling bullet. The sling bullet hits the hound.
The hound is moderately wounded.
The hound barely misses you.
The gnoll bouda barks out a call to the hunt!
The gnolls pick up the pace!
The hound bites you.
* * * LOW HITPOINT WARNING * * *
Fire: a) +2 sling {Renate}
Press: ? - help, Q - select action, (/) - cycle Shift-Dir - straight line, f/p - hound
Aim: a hound (moderately wounded, ally target, 54% to hit)
You shoot a sling bullet.
The sling bullet barely misses the hound.
You shoot a sling bullet.
The sling bullet closely misses the hound.
Your surroundings suddenly seem different.
You open the door.
Ijyb and 4 killer bees come into view.
Ijyb is wielding a +0 club and carrying a wand of mindburst.
The killer bee buzzes angrily. x2; Ijyb shouts!
You shoot a sling bullet.
The sling bullet barely misses the killer bee.
The sling bullet hits Ijyb but does no damage.
You shoot a sling bullet. The sling bullet hits the killer bee.
The killer bee is moderately wounded.
The killer bee closely misses you. The killer bee stings you.
* * * LOW HITPOINT WARNING * * *
The killer bee barely misses you.
As you read the scroll labelled TILIBL COIBB, it crumbles to dust.
It is a scroll of enchant armour.
Your +0 leather armour glows green for a moment.
The killer bee closely misses you. x2
The killer bee stings you but does no damage.
The killer bee stings you.
* * * LOW HITPOINT WARNING * * *
The killer bee stings you!
You die...

. .. ...
######## ....
#......## .....
#......y#......
#......@yy.g...
#......y#......
#.......# .....
######### ....
... .. .


You could see Ijyb and 4 killer bees.

Vanquished Creatures
  A scorpion (D:4)
  A bombardier beetle (D:4)
  An orc priest (D:4)
  An iguana (D:5)
  6 gnolls
  7 adders
  3 dart slugs
  2 ribbon worms (D:3)
  4 orcs
  7 bats
  7 endoplasms
  4 giant cockroaches
  9 goblins
  3 hobgoblins
  8 jackals (D:3)
  4 quokkas
  5 ball pythons
  5 frilled lizards
  4 kobolds
  8 rats
90 creatures vanquished.

Notes
Turn   | Place    | Note
-------+----------+-------------------------------------------
     0 | D:1      | miscthings the Coglin Hunter began the quest for the Orb.
     0 | D:1      | Reached XP level 1. HP: 16/16 MP: 1/1
    37 | D:1      | Found a faded altar of an unknown god.
    62 | D:1      | Reached skill level 1 in Stealth
   128 | D:1      | Reached XP level 2. HP: 22/22 MP: 2/2
   303 | D:1      | Reached XP level 3. HP: 28/28 MP: 3/3
   877 | D:2      | Reached skill level 4 in Ranged Weapons
   879 | D:2      | Reached XP level 4. HP: 30/34 MP: 4/4
   901 | D:2      | Found Siawidum's Magic Scroll Shop.
  1478 | D:3      | Reached XP level 5. HP: 40/40 MP: 5/5
  1784 | D:3      | Found Sicovuy's Magic Scroll Boutique.
  1903 | D:3      | Noticed a moth of wrath
  1906 | D:3      | Found a bloodstained altar of Trog.
  1943 | D:3      | Identified the +7 mace of Noxtewun {venom, rN+ Str+4 Dex+3}
  2402 | D:4      | Reached XP level 6. HP: 47/47 MP: 6/6
  2744 | D:5      | Entered Level 5 of the Dungeon
  2842 | D:5      | Noticed Ijyb
  2844 | D:5      | Slain by a killer bee

Illustrated notes

Levels and vault maps discovered:
D:1:      pf_arrival_petrified_forest, layout_basic,
          shapermc_ecumenical_altar_notcrosses, minivault_19
D:2:      layout_rooms, serial_shops, nicolae_shop_advertising_works
          [nicolae_subvault_shop_adworks], minmay_misc_feat_hallway,
          wander_ebering_terrifying_dragon_lair
D:3:      layout_loops_corners, tgw_trog, serial_shops, shop
D:4:      layout_basic, serial_curves, eino_curves_02, eino_curves_04,
          minmay_misc_feat_five
D:5:      layout_gridville, temple_fountains, uniq_ijyb

Skill      XL: |  1  2  3  4  5 |
---------------+----------------+-----
Stealth        | 1 2 |  2.9
Dodging        | 2 3 |  3.4
Ranged Weapons | 4 |  4.6
Fighting       | 3 |  3.7

Action                     |  1- 3 |  4- 6 || total
---------------------------+-------+-------++-------
   Fire: Sling             |   134 |   290 ||   424
    Use: Scroll            |       |     3 ||     3
 Armour: Leather armour    |     8 |    33 ||    41
  Dodge: Dodged            |    13 |    39 ||    52

Table legend: (Time is in decaauts)
 A = Elapsed time spent in this place.
 B = Non-inter-level travel time spent in this place.
 C = Inter-level travel time spent in this place.
 D = Time resting spent in this place.
 E = Time spent auto-exploring this place.
 F = Levels seen in this place.
 G = Mean time per level.
                   A        B        C        D        E       F      G
               +--------+--------+--------+--------+--------+-----+--------+
         Total |   2893 |   2763 |    130 |      0 |   2283 |   5 |  578.6 |
       Dungeon |   2893 |   2763 |    130 |      0 |   2283 |   5 |  578.6 |
               +--------+--------+--------+--------+--------+-----+--------+

Top non-repeatable levels by time:
     D:3: 846 daAuts
     D:1: 826 daAuts
     D:2: 599 daAuts
     D:4: 514 daAuts
     D:5: 105 daAuts
